 Dungeon Crawl Stone Soup version 0.32-a0-614-gd166fa8 (webtiles) character file.

Game seed: 15289883394928095173

382189 sdynet the Evocator (level 22, -3/356 (382) HPs)
             Began as a Coglin Artificer on Mar 4, 2024.
             Was a High Priest of Trog.
             Slain by an eidolon (14 damage)
             ... on level 1 of the Crypt on Mar 5, 2024.
             The game lasted 02:51:38 (50772 turns).

sdynet the Evocator (Coglin Artificer)             Turns: 50772, Time: 02:51:39

HP:   -3/356 (382)  AC: 28    Str: 12    XL:     22   Next: 53%
MP:   7/7           EV: 22    Int: 14    God:    Trog [*****.]
Gold: 2772          SH:  0    Dex: 21    Spells: 21/21 levels left

rFire   + + .        d - +4 scimitar (holy) {Narong}
rCold   + . .        b - +9 double sword (antimagic) {Ming}
rNeg    + . .        (body armour currently unavailable)
rPois   ∞            e - +1 hat "Xoeriyn" {rF++}
rElec   +            w - scarf {+Inv}
rCorr   .            k - melded +0 pair of gloves of the gadgeteer {Gadgeteer Wandboost ^Fragile}
SInv    .            (boots currently unavailable)
Will    ++++.        (amulet unavailable) Stlth
                     (ring unavailable)
HPRegen 1.79/turn    (ring unavailable)
MPRegen 0.10/turn    v - adeledicnander turbowhirligig {Gadgeteer, rC+ Will+}

%: no passive effects
@: berserking (expiring), statue-form, strong-willed, very slightly
contaminated, regenerating, slowed, drained, invisible (expiring), revving, very
slow
A: slow and powerful, torment resistance 1, boosted hp, off-hand wielding, slow
wielding, warmup strikes, no jewellery, camouflage 1, clumsy 1
}: 3/15 runes: barnacled, abyssal, gossamer
a: Begin Untransformation, Renounce Religion, Evoke Invisibility, Berserk,
Trog's Hand, Brothers in Arms


You were on level 1 of the Crypt.
You worshipped Trog.
Trog was extremely pleased with you.
You were a living statue of rough stone.
You visited 9 branches of the dungeon, and saw 37 of its levels.
You visited the Abyss 2 times.
You also visited: Volcano.

You collected 5145 gold pieces.
You spent 2373 gold pieces at shops.

Inventory:

Hand Weapons
 a - a +9 demon blade of protection {Xiloxoch}
 b - a +9 antimagic double sword (offhand) {Ming}
 d - a +4 scimitar of holy wrath (weapon) {Narong}
Missiles
 x - 6 throwing nets
 V - 19 javelins
 Y - 3 curare-tipped darts
 Z - 35 poisoned darts
Armour
 e - the +1 hat "Xoeriyn" (worn) {rF++}
   (You found it on level 4 of the Spider Nest)

   rF++:      It greatly protects you from fire.
 k - the +0 pair of gloves of the gadgeteer (melded) {Gadgeteer Wandboost ^Fragile}
   (You acquired it on level 3 of the Elven Halls)

   Gadgeteer: Your evocable items recharge 30% faster and wands have a 30%
   chance to not spend a charge.
   Wandboost: Your wands are more powerful.
   ^Fragile:  It will be destroyed if unequipped.
 w - a scarf of invisibility (worn)
 B - a +2 helmet of see invisible
Gizmo
 v - an adeledicnander turbowhirligig (installed) {Gadgeteer, rC+ Will+}
   (You invented it yourself on level 3 of the Lair of Beasts)

   [adeledicnander turbowhirligig]

   Gadgeteer: Your evocable items recharge 30% faster and wands have a 30%
   chance to not spend a charge.
   rC+:       It protects you from cold.
   Will+:     It increases your willpower.
Wands
 c - a wand of flame (24) (quivered)
 p - a wand of acid (1)
 s - a wand of digging (14)
 A - a wand of warping (8)
 F - a wand of polymorph (6)
 I - a wand of paralysis (18)
 X - a wand of mindburst (5)
Scrolls
 f - 2 scrolls of poison
 g - a scroll of silence {!r}
 j - a scroll of vulnerability
 l - 2 scrolls of fear {!r}
 n - 6 scrolls of identify
 u - a scroll of immolation
 D - a scroll of blinking
 J - 14 scrolls of teleportation {!r}
 O - 7 scrolls of revelation {!r}
 Q - 3 scrolls of fog {!r}
Potions
 h - 2 potions of magic {!q}
 i - 9 potions of curing {!q}
 m - 8 potions of enlightenment {!q!q}
 o - 11 potions of lignification {!q}
 q - 2 potions of haste {!q}
 r - 10 potions of heal wounds {!q}
 t - 2 potions of attraction
 z - a potion of berserk rage {!q}
 H - 2 potions of ambrosia {!q}
 K - 2 potions of cancellation {!q}
 L - 7 potions of might {!q}
 U - a potion of resistance {!q}
Miscellaneous
 G - a phial of floods


   Skills:
 - Level 22.1 Fighting
 - Level 16.0 Long Blades
 - Level 1.0 Throwing
 - Level 2.0 Armour
 + Level 13.0 Dodging
 + Level 7.0 Stealth
 - Level 22.5 Evocations
 - Level 16.0 Shapeshifting


You had 21 spell levels left.
You didn't know any spells.
Your spell library contained the following spells:

 Spells                   Type           Power      Damage    Failure   Level
 Lesser Beckoning         Tloc           0%         N/A       41%         2
 Gell's Gravitas          Tloc           0%         N/A       65%         3
 Stone Arrow              Conj/Erth      0%         3d7       65%         3
 Teleport Other           Tloc           0%         N/A       65%         3
 Animate Armour           Summ/Erth      0%         N/A       96%         4
 Lehudib's Crystal Spear  Conj/Erth      0%         10d2      100%        8


Dungeon Overview and Level Annotations

Branches:
Dungeon (15/15)            Temple (1/1) D:4            Lair (5/5) D:10
 Shoals (4/4) Lair:3       Spider (4/4) Lair:2        Slime (0/5) Lair:4
    Orc (2/2) D:11            Elf (3/3) Orc:2        Vaults (2/5) D:13
  Crypt (1/3) Vaults:2     Depths (0/4) D:15        Volcano (visited)

Altars:
Ashenzari
Cheibriados
Dithmenos
Elyvilon
Fedhas
Gozag
Hepliaklqana
Kikubaaqudgha
Makhleb
Nemelex Xobeh
Okawaru
Qazlal
Ru
Sif Muna
Trog
Uskayaw
Vehumet
Wu Jian
Xom
Yredelemnul
Zin
The Shining One
Lugonu

Shops:
D:11 [   Orc:2 (!((:![   Elf:1 ?[   Shoals:3 *   Vaults:1 ?   Vaults:2 *

Portals:
Abyss: Lair:5

Annotations:
Elf:1 1 runed translucent door
Crypt:1 Osipn's ghost, veteran MiGl


Innate Abilities, Weirdness & Mutations

You are a living statue of rough stone.
Your actions are slow, but your melee attacks are powerful.
You are resistant to unholy torment.
Your maximum health is greatly increased.
Your equipment is partially melded.
You are immune to poison.
You can wield a second weapon in your off-hand.
It takes a long time for you to wield or remove held weapons.
Your first few attacks do less damage.
You cannot equip rings or amulets.
Your skin changes colour to match your surroundings (Stealth+).
You are clumsy. (Dex -2)


Message History

Trog accepts your kill. The reaper completely misses you.
Osipn's ghost says, "You will never get the ORB!"
The eidolon barely misses you.
The eidolon hits you but does no damage.
You hit the ancient champion but do no damage.
The ancient champion is severely damaged.
You slice the ancient champion with your +4 scimitar of holy wrath!!
The ancient champion convulses!
You destroy the ancient champion!
Trog accepts your kill.
Trog appreciates your killing of a magic user.
You flicker for a moment.
The eidolon hits you.
* * * LOW HITPOINT WARNING * * *
The eidolon drains your vigour!
You feel as though you will be slow longer.
The eidolon closely misses you.
The reaper hits you from afar with a +2 scythe of distortion!
* * * LOW HITPOINT WARNING * * *
You resist the pull of the Abyss.
Your Stealth skill increases to level 7!
The reaper completely misses you. The eidolon completely misses you.
The eidolon hits you!
* * * LOW HITPOINT WARNING * * *
The ghoul misses you. The ghoul closely misses you.
The reaper hits you but does no damage. Space warps around you.
* * * LOW HITPOINT WARNING * * *
The eidolon stares piercingly at you. The bolt of negative energy misses you.
Things that are here:
a +0 great sword; a +0 plate armour You barely miss the reaper with your +9 antimagic double sword.
The reaper is heavily wounded.
You slice the reaper with your +4 scimitar of holy wrath!!
The reaper convulses!!
You kill the reaper!
Trog accepts your kill. The eidolon hits you!
You die...

..##.##......)........# #.#
..##.##..##.##[..##...# #.#
..##.##..##.##...##...# #.#
..#...................# #.#
..#...................#########.#
..#..#############...............
.....# ........#...............
.....#...........#...............
.....#..###.###WI#.......###...##
###..#).#ß#.#ß#nW#..##...# #...#
..#..#[...)...pW.#..##...# #...##
....©#!....©..zWX#©..#...###.....
.....#!p.........#.............##
.....#$.#ß#.#ß#..#.............#
.....#$.###.###..#.............#
.....#...........#......####...##
.....#.....n.....#..#...# #.....


You could see a ghoul (unable to see you), a death knight (unable to see you), 2
eidola, a large abomination (unable to see you), a wraith, a laughing skull
(unable to see you) and Osipn's ghost (unable to see you).

Vanquished Creatures
  Saint Roka (Vaults:1)
  Nikola (Spider:3)
  A profane servitor (Abyss:3)
  2 bone dragons (Abyss:3)
  Arachne (Spider:3)
  A Hell Sentinel (Abyss:3)
  Jorgrun (Orc:1)
  2 liches (Abyss:3)
  2 deep elf master archers (Elf:3)
  2 deep elf blademasters (Elf:3)
  2 tentacled starspawn (Abyss:3)
  3 ancient champions
  A sphinx (Vaults:1)
  Polyphemus (Shoals:2)
  A kraken (Shoals:4)
  Aizul (Spider:3)
  12 deep elf sorcerers
  A fire giant (Vaults:2)
  3 emperor scorpions
  2 vault wardens
  A balrug (Abyss:3)
  4 ghost moths
  Louise (Shoals:3)
  7 deep elf elementalists
  A curse skull (Crypt:1)
  A reaper (Crypt:1)
  3 very ugly things (Abyss:3)
  A broodmother (Spider:1)
  13 ironbound preservers
  5 ironbound thunderhulks
  2 ghouls (Crypt:1)
  2 orc warlords
  A formless jellyfish (Vaults:2)
  4 deep elf death magi
  7 deep elf demonologists
  2 dire elephants (Vaults:2)
  4 spark wasps
  A red draconian (Abyss:3)
  Azrael (Orc:2)
  8 deep elf annihilators
  6 merfolk impalers
  An eidolon (Crypt:1)
  A quicksilver dragon zombie (Abyss:3)
  10 entropy weavers
  6 deep elf high priests (Elf:3)
  Fannar (Orc:1)
  4 jiangshi (Crypt:1)
  2 yaktaur captains
  4 merfolk javelineers (Shoals:4)
  3 vault guards (Vaults:1)
  Erolcha (D:12)
  Harold (D:9)
  4 great orbs of eyes
  A rakshasa (Abyss:3)
  An ironbound frostheart (Vaults:1)
  A catoblepas (Shoals:2)
  6 merfolk avatars
  A death knight (Crypt:1)
  4 hydras (D:13)
  3 radroaches
  4 centaur warriors
  11 merfolk aquamancers
  26 dancing weapons
  A deep troll earth mage (Vaults:2)
  5 two-headed ogres
  6 hell hogs (Abyss:3)
  11 boulder beetles
  7 death yaks
  A tengu warrior (D:13)
  13 demonic crawlers
  3 vampire magi (Crypt:1)
  Urug (Lair:1)
  7 orc high priests (Orc:2)
  7 thrashing horrors
  2 sun demons (Abyss:3)
  27 deep elf knights
  18 skeletal warriors
  8 wretched stars (Abyss:3)
  6 pharaoh ants
  Amaemon (D:9)
  2 spatial maelstroms (Abyss:3)
  5 skysharks
  An iron giant zombie (Crypt:1)
  30 deep trolls
  A sea snake (shapeshifter) (Elf:2)
  8 orb spiders
  Pikel (D:4)
  8 lindwurms
  10 sea snakes
  3 spectral wolf spiders (Spider:1)
  5 arcanists
  4 sun moths
  An obsidian statue (D:11)
  2 bog bodies (Crypt:1)
  2 mana vipers
  2 thermic dynamos
  8 deep elf archers
  6 ironbound convokers
  2 necromancers
  16 orc knights
  8 steelbarb worms
  2 phantasmal warriors (Crypt:1)
  3 wolf spider zombies (Spider:1)
  A harpy (shapeshifter) (D:12)
  4 harpies
  20 deep elf pyromancers
  20 wolf spiders
  27 deep elf zephyrmancers
  4 orc sorcerers
  21 ugly things
  A faun (Shoals:3)
  5 cyclopes
  A fire giant skeleton (Crypt:1)
  12 manticores
  A worldbinder (Abyss:3)
  3 human skeletons (Vaults:2)
  12 meliai
  4 moths of wrath
  4 torpor snails
  A guardian serpent (Vaults:2)
  9 black mambas
  A toenail golem (Volcano)
  3 molten gargoyles
  4 merfolk sirens
  6 elephants (Lair:5)
  6 smoke demons
  5 vault sentinels
  5 water nymphs
  3 efreet
  An orange demon (D:9)
  10 cane toads
  5 large abominations (Abyss:3)
  5 rime drakes
  19 yaktaurs
  An unseen horror (Abyss:3)
  14 komodo dragons
  A tengu conjurer (D:13)
  2 freezing wraiths (Crypt:1)
  3 kobold demonologists
  3 ancient zymes (Abyss:3)
  9 trolls
  A yaktaur skeleton (Vaults:2)
  28 merfolk
  4 hellwings (Abyss:3)
  A queen bee (Abyss:3)
  6 wolf spider simulacra (Spider:1)
  A troll (shapeshifter) (D:13)
  4 wind drakes
  2 hornets
  2 polar bears (D:10)
  9 raiju
  5 snapping turtles
  28 tarantellas
  25 blink frogs
  7 dream sheep
  Prince Ribbit (D:7)
  24 slime creatures
  3 air elementals
  18 culicivoras
  20 jumping spiders
  A shadow (D:10)
  2 spriggans (Lair:5)
  3 ettin skeletons
  6 wraiths
  2 ynoxinuls
  104 yaks
  3 wyverns
  7 fire elementals
  20 water elementals
  2 wargs (Orc:1)
  7 basilisks
  5 vampire mosquitoes
  67 redbacks
  2 steam dragons (D:8)
  3 neqoxecs (Abyss:3)
  5 chaos spawn
  13 small abominations
  A spatial vortex (Abyss:3)
  3 acid dragons
  7 hell hounds
  13 water moccasins
  3 ice beasts (D:10)
  29 orc warriors
  A glowing shapeshifter skeleton (Vaults:2)
  A swamp drake (shapeshifter) (D:13)
  A demonspawn skeleton (Crypt:1)
  A dream sheep zombie (Crypt:1)
  An ettin simulacrum (Abyss:3)
  A sky beast (D:3)
  5 black bears
  8 ogres
  8 centaurs
  2 lemures (D:3)
  13 starcursed masses (Abyss:3)
  2 wolves (D:10)
  A dream sheep skeleton (Crypt:1)
  A kobold brigand (D:9)
  A brain worm (Abyss:3)
  Blork the orc (D:4)
  3 gnoll sergeants
  9 bullfrogs
  2 scorpions
  5 earth elementals
  25 wights
  6 killer bees
  4 howler monkeys
  A shapeshifter skeleton (Crypt:1)
  2 electric eels
  3 hounds (D:6)
  3 jellies
  2 bombardier beetles
  39 orc priests
  A gnoll bouda (D:3)
  An iron imp (Abyss:3)
  Jessica (D:2)
  24 orc wizards
  5 iguanas
  Natasha (thrice) (D:4)
  Robin (D:2)
  17 gnolls
  6 adders
  2 swamp drake skeletons (Crypt:1)
  A shadow imp (D:6)
  A white imp (D:6)
  2 ribbon worms
  5 dart slugs
  74 orcs
  3 bats (D:1)
  8 endoplasms
  2 giant cockroaches
  10 goblins
  8 hobgoblins
  6 quokkas
  2 ball pythons
  5 frilled lizards
  A frilled lizard skeleton (Crypt:1)
  17 kobolds
  7 rats
  A butterfly (D:4)
  3 starspawn tentacles (Abyss:3)
  5 tentacles (Shoals:4)
1593 creatures vanquished.

Vanquished Creatures (collateral kills)
  An emperor scorpion (Spider:4)
  A boulder beetle (Spider:4)
  A pharaoh ant (Spider:4)
  A wyvern (Lair:5)
  2 yaks (D:10)
  A water moccasin (Lair:5)
  A bullfrog (D:9)
  3 wights (D:5)
  2 gnolls (D:5)
  4 goblins (D:2)
  2 hobgoblins (D:2)
19 creatures vanquished.

Vanquished Creatures (others)
  A vault warden (Vaults:1)
  An ironbound frostheart (Vaults:1)
  A deep elf knight (Elf:1)
  A deep troll (Vaults:1)
  A deep elf pyromancer (Elf:1)
  A yaktaur (Vaults:1)
  A raiju (Lair:5)
  A culicivora (Spider:2)
  2 yaks (D:9)
  A naga (shapeshifter) (Elf:3)
  An orc (Orc:2)
  A lurking horror (Abyss:3)
  3 starspawn tentacles (Abyss:3)
  13 tentacles (Shoals:4)
29 creatures vanquished.

Grand Total: 1641 creatures vanquished

Notes
Turn   | Place    | Note
-------+----------+-------------------------------------------
     0 | D:1      | sdynet the Coglin Artificer began the quest for the Orb.
     0 | D:1      | Reached XP level 1. HP: 15/15 MP: 1/1
   163 | D:1      | Reached skill level 1 in Dodging
   165 | D:1      | Found a faded altar of an unknown god.
   183 | D:1      | Reached skill level 1 in Stealth
   302 | D:1      | Reached XP level 2. HP: 21/21 MP: 2/2
  1153 | D:2      | Reached XP level 3. HP: 25/28 MP: 3/3
  1374 | D:2      | Noticed Jessica
  1381 | D:2      | Killed Jessica
  1382 | D:2      | Reached XP level 4. HP: 37/37 MP: 4/4
  1647 | D:2      | Noticed Robin
  1680 | D:2      | Killed Robin
  2085 | D:3      | Noticed a sky beast
  2096 | D:3      | Killed a sky beast
  2097 | D:3      | Reached skill level 5 in Fighting
  2097 | D:3      | Reached XP level 5. HP: 38/44 MP: 5/5
  2226 | D:3      | Reached XP level 6. HP: 30/51 MP: 6/6
  2262 | D:3      | Reached skill level 1 in Throwing
  2300 | D:3      | Found a bloodstained altar of Trog.
  2309 | D:3      | Became a worshipper of Trog the Wrathful
  2320 | D:3      | Found a broken altar of Ashenzari.
  2438 | D:3      | Found an iron altar of Okawaru.
  2520 | D:3      | Found a shadowy altar of Dithmenos.
  2736 | D:4      | Noticed Pikel
  2857 | D:4      | Found a staircase to the Ecumenical Temple.
  2933 | Temple   | Entered the Ecumenical Temple
  2955 | D:4      | Found a stormy altar of Qazlal.
  3027 | D:4      | Noticed Natasha
  3033 | D:4      | Killed Natasha
  3038 | D:4      | Noticed Blork the orc
  3044 | D:4      | Killed Blork the orc
  3045 | D:4      | Reached XP level 7. HP: 32/59 MP: 7/7
  3156 | D:4      | Noticed Natasha
  3164 | D:4      | Killed Natasha
  3245 | D:4      | Killed Pikel
  3246 | D:4      | Reached XP level 8. HP: 39/71 MP: 8/8
  3719 | D:4      | Identified the +7 trident of Departure {flame, rElec rC+}
  3858 | D:4      | Noticed Natasha
  3898 | D:4      | Killed Natasha
  3948 | D:4      | Reached * piety under Trog
  4137 | D:5      | Entered Level 5 of the Dungeon
  4189 | D:5      | Reached skill level 5 in Evocations
  4254 | D:5      | Found a blossoming altar of Fedhas.
  4323 | D:5      | Reached skill level 10 in Fighting
  4347 | D:5      | Reached XP level 9. HP: 79/79 MP: 9/9
  5070 | D:6      | Found a hazy altar of Hepliaklqana.
  5197 | D:6      | Found a sparkling altar of Nemelex Xobeh.
  5292 | D:6      | Reached ** piety under Trog
  6050 | D:7      | Noticed Prince Ribbit
  6058 | D:7      | Killed Prince Ribbit
  6179 | D:7      | Reached XP level 10. HP: 84/92 MP: 10/10
  7031 | D:8      | Noticed Maggie
  7032 | D:8      | Maggie changed into Maggie the tengu
  7032 | D:8      | Noticed Maggie
  7036 | D:8      | Maggie the tengu changed into Maggie the steam dragon
  7036 | D:8      | Noticed Maggie
  7041 | D:8      | Killed Maggie the steam dragon
  7937 | D:9      | Reached *** piety under Trog
  8041 | D:9      | Noticed a manticore
  8060 | D:9      | Killed a manticore
  8163 | D:9      | Noticed Harold
  8175 | D:9      | Killed Harold
  8176 | D:9      | Reached skill level 5 in Long Blades
  8176 | D:9      | Reached XP level 11. HP: 82/101 MP: 11/11
  8273 | D:9      | Reached skill level 15 in Fighting
  8660 | D:9      | Noticed Amaemon
  8666 | D:9      | Killed Amaemon
  9745 | D:10     | Entered Level 10 of the Dungeon
 10269 | D:10     | Reached **** piety under Trog
 10548 | D:10     | Found a staircase to the Lair.
 10897 | D:10     | Noticed a boulder beetle
 10912 | D:10     | Killed a boulder beetle
 10913 | D:10     | Reached XP level 12. HP: 110/111 MP: 12/12
 11140 | D:11     | Noticed a two-headed ogre
 11159 | D:11     | Killed a two-headed ogre
 11406 | D:11     | Noticed a centaur warrior
 11416 | D:11     | Killed a centaur warrior
 11734 | D:11     | Noticed a two-headed ogre
 11744 | D:11     | Killed a two-headed ogre
 11892 | D:11     | Found a staircase to the Orcish Mines.
 12357 | D:11     | Found Mabesh's Antique Armour Shoppe.
 12365 | D:11     | Bought a pair of gloves for 99 gold pieces
 12645 | Lair:1   | Entered Level 1 of the Lair of Beasts
 13177 | Lair:1   | Noticed Urug
 13195 | Lair:1   | Killed Urug
 13672 | Lair:1   | Reached skill level 10 in Long Blades
 14193 | Lair:2   | Reached XP level 13. HP: 120/120 MP: 13/13
 14544 | Lair:2   | Found a dark tunnel.
 14551 | Volcano  | Entered a volcano
 15776 | Lair:2   | Found a hole to the Spider Nest.
 16993 | Lair:3   | Reached skill level 5 in Dodging
 17283 | Lair:3   | Reached XP level 14. HP: 125/131 MP: 14/14
 17290 | Lair:3   | Acquired an adeledicnander turbowhirligig {Gadgeteer, rC+
                  | Will+}
 17650 | Lair:3   | Reached skill level 1 in Shapeshifting
 18184 | Lair:3   | Found a staircase to the Shoals.
 18848 | Lair:4   | Found a staircase to the Slime Pits.
 19589 | Lair:5   | Entered Level 5 of the Lair of Beasts
 20468 | Lair:5   | Reached skill level 10 in Evocations
 20485 | Lair:5   | Reached ***** piety under Trog
 20843 | Lair:5   | Received a gift from Trog
 21537 | Lair:5   | Reached skill level 5 in Shapeshifting
 21684 | Lair:5   | Found a corrupted altar of Lugonu.
 21685 | Lair:5   | Found a one-way gate to the infinite horrors of the Abyss.
 21695 | Lair:5   | Reached XP level 15. HP: 139/139 MP: 15/15
 21707 | Lair:5   | Identified the +4 ring mail "Uwaf Foh" {rC- Str+3 Int+2}
 22117 | Orc:1    | Entered Level 1 of the Orcish Mines
 22118 | Orc:1    | Noticed Jorgrun
 22127 | Orc:1    | Killed Jorgrun
 22318 | Orc:1    | Found a shimmering altar of Xom.
 22385 | Orc:1    | Noticed Fannar
 22396 | Orc:1    | Killed Fannar
 22999 | Orc:2    | Entered Level 2 of the Orcish Mines
 23159 | Orc:2    | Found Ofraybue's Weapon Boutique.
 23395 | Orc:2    | Found a staircase to the Elven Halls.
 23620 | Orc:2    | Found Paxutedi's Antique Weapon Boutique.
 23787 | Orc:2    | Found Wuhu Unn's Distillery.
 23903 | Orc:2    | Gained mutation: You are clumsy. (Dex -2) [potion of
                  | mutation]
 23903 | Orc:2    | Gained mutation: Your skin changes colour to match your
                  | surroundings (Stealth+). [potion of mutation]
 24210 | Orc:2    | Noticed Azrael
 24225 | Orc:2    | Killed Azrael
 25200 | Orc:2    | Found Jyusuxti's Book Emporium.
 25203 | Orc:2    | Found Urphuypsy's Distillery.
 25204 | Orc:2    | Found Diogiffauc's Antique Weapon Emporium.
 25205 | Orc:2    | Found Miop's Armour Emporium.
 25211 | Orc:2    | Bought a +0 helmet of see invisible for 115 gold pieces
 25226 | Orc:2    | Bought a potion of degeneration for 12 gold pieces
 25229 | Orc:2    | Bought a potion of resistance for 120 gold pieces
 25229 | Orc:2    | Bought 2 potions of attraction for 72 gold pieces
 25229 | Orc:2    | Bought a potion of attraction for 36 gold pieces
 25229 | Orc:2    | Bought a potion of enlightenment for 60 gold pieces
 25229 | Orc:2    | Bought a potion of might for 48 gold pieces
 25229 | Orc:2    | Bought a potion of berserk rage for 60 gold pieces
 25281 | Orc:2    | Bought a potion of heal wounds for 75 gold pieces
 25281 | Orc:2    | Bought 2 potions of might for 120 gold pieces
 25281 | Orc:2    | Bought a potion of might for 60 gold pieces
 25281 | Orc:2    | Bought a potion of heal wounds for 75 gold pieces
 25281 | Orc:2    | Bought a potion of enlightenment for 75 gold pieces
 25281 | Orc:2    | Bought a potion of might for 60 gold pieces
 25281 | Orc:2    | Bought a potion of heal wounds for 75 gold pieces
 25281 | Orc:2    | Bought a potion of enlightenment for 75 gold pieces
 25281 | Orc:2    | Bought a potion of enlightenment for 75 gold pieces
 25486 | D:12     | Noticed Sonja
 25489 | D:12     | Sonja changed into Sonja the shapeshifter
 25489 | D:12     | Noticed Sonja
 25490 | D:12     | Sonja the shapeshifter changed into Sonja the harpy
 25490 | D:12     | Noticed Sonja (shapeshifter)
 25495 | D:12     | Killed Sonja the harpy
 26031 | D:12     | Received a gift from Trog
 26052 | D:12     | Noticed Erolcha
 26060 | D:12     | Killed Erolcha
 26720 | D:13     | HP: 5/139 [centaur warrior/arrow (18)]
 27258 | D:13     | Reached XP level 16. HP: 139/146 MP: 16/16
 27272 | D:13     | Found a gate to the Vaults.
 27525 | D:13     | Found a white marble altar of Elyvilon.
 28001 | D:14     | Identified a scroll of acquirement
 28337 | D:14     | Reached skill level 10 in Shapeshifting
 28395 | D:15     | Entered Level 15 of the Dungeon
 28844 | Shoals:1 | Entered Level 1 of the Shoals
 29507 | Shoals:1 | Received a gift from Trog
 29883 | Shoals:2 | Noticed Polyphemus
 30363 | Spider:1 | Entered Level 1 of the Spider Nest
 30378 | Lair:2   | HP: 4/143 [ghost moth (14)]
 31914 | Spider:1 | Reached XP level 17. HP: 104/153 MP: 5/17
 32584 | Spider:2 | Reached ****** piety under Trog
 32653 | Spider:2 | Received a gift from Trog
 33692 | Spider:3 | Identified the serpent talisman of Gluttony {Will+ rCorr
                  | Int-2 Dex+8}
 33692 | Spider:3 | Noticed Aizul
 33813 | Spider:3 | Noticed Arachne
 34046 | Spider:3 | Reached skill level 15 in Shapeshifting
 34089 | Spider:3 | Received a gift from Trog
 34248 | Spider:3 | Killed Arachne
 34499 | Spider:3 | Noticed Nikola
 34510 | Spider:3 | Killed Aizul
 34515 | Spider:3 | Killed Nikola
 35173 | Spider:4 | Entered Level 4 of the Spider Nest
 35441 | Spider:3 | Reached XP level 18. HP: 160/160 MP: 6/18
 35897 | Shoals:2 | Identified the +4 rapier of Impatience {freeze, rF+ rC-
                  | Int+3}
 36235 | Shoals:2 | Killed Polyphemus
 36638 | Shoals:3 | Found Gimnanle's Gadget Gallery.
 36659 | Shoals:3 | Bought a wand of acid (2) for 134 gold pieces
 36659 | Shoals:3 | Bought a wand of polymorph (2) for 44 gold pieces
 36682 | Shoals:3 | Reached skill level 15 in Long Blades
 36872 | Shoals:3 | Noticed Louise
 36874 | Shoals:3 | Received a gift from Trog
 36893 | Shoals:3 | Killed Louise
 37365 | Shoals:4 | Entered Level 4 of the Shoals
 37509 | Shoals:4 | Got a barnacled rune of Zot
 37939 | Shoals:4 | Identified the +8 great sword of Worch {pain, rPois Dex+3}
 38003 | Shoals:4 | Received a gift from Trog
 38431 | Shoals:4 | Reached skill level 5 in Stealth
 39295 | Spider:4 | Reached XP level 19. HP: 123/167 MP: 6/19
 39663 | Spider:4 | Identified the +1 hat "Xoeriyn" {rF++}
 39667 | Spider:4 | Got a gossamer rune of Zot
 40363 | Elf:1    | Entered Level 1 of the Elven Halls
 40363 | Elf:1    | Found a runed translucent gate.
 40363 | Elf:1    | Found a runed translucent gate.
 40363 | Elf:1    | Found a runed translucent gate.
 40363 | Elf:1    | Found a runed translucent gate.
 40363 | Elf:1    | Found a runed translucent gate.
 40363 | Elf:1    | Found a runed translucent gate.
 40364 | Elf:1    | Found a runed translucent door.
 40381 | Elf:1    | Found a runed translucent door.
 40510 | Elf:1    | Paralysed by an air elemental for 1 turns
 40647 | Elf:1    | Paralysed by an air elemental for 1 turns
 40672 | Elf:1    | Received a gift from Trog
 41037 | Elf:1    | Found Ceckeram's Antique Armour Shoppe.
 41037 | Elf:1    | Found Yshris's Magic Scroll Emporium.
 41066 | Elf:1    | Bought an embroidered scarf for 232 gold pieces
 41120 | Elf:1    | Acquired 1039 gold pieces
 41581 | Elf:1    | Received a gift from Trog
 41970 | Elf:2    | Paralysed by an air elemental for 1 turns
 42464 | Elf:2    | Found a runed translucent gate.
 42509 | Elf:2    | Reached skill level 15 in Evocations
 42583 | Elf:2    | Found a runed translucent gate.
 42583 | Elf:2    | Found a runed translucent gate.
 42629 | Elf:2    | Identified the +10 scimitar "Wuggext" {heavy, Will+ Dex+2}
                  | (Trog gifted it to you on level 2 of the Elven Halls)
 42629 | Elf:2    | Received a gift from Trog
 42920 | Elf:2    | Reached XP level 20. HP: 177/177 MP: 6/20
 43494 | Elf:3    | Entered Level 3 of the Elven Halls
 43543 | Elf:3    | Upgraded the game from 0.32-a0-613-g40f424e to
                  | 0.32-a0-614-gd166fa8
 44000 | Elf:3    | Acquired the +0 pair of gloves of the gadgeteer {Gadgeteer
                  | Wandboost ^Fragile}
 44000 | Elf:3    | Found the +0 pair of gloves of the gadgeteer {Gadgeteer
                  | Wandboost ^Fragile}
 44648 | Elf:3    | Noticed a Tzitzimitl
 44755 | Elf:3    | Noticed a Tzitzimitl
 44755 | Abyss:3  | Cast into level 3 of the Abyss (a deep elf demonologist)
 44789 | Abyss:3  | Received a gift from Trog
 44824 | Abyss:3  | Got an abyssal rune of Zot
 44857 | Abyss:3  | Paralysed by accursed screaming for 1 turns
 44957 | Elf:3    | Escaped the Abyss
 44958 | Elf:3    | Identified the ring "Omuco" {rPois Slay+3}
 44965 | Elf:3    | Identified the +1 morningstar "Bicehy" {antimagic, ^Drain
                  | rPois Int+4}
 45005 | Elf:3    | Received a gift from Trog
 45178 | Elf:3    | Found the +2 hat of the Bear Spirit {Spirit, Bear, *Rage
                  | Will++}
 45186 | Elf:3    | Identified the +4 fire dragon scales of the Sturgeon {rElec
                  | rF++ rC- Int+3 Dex+3}
 45193 | Elf:3    | Identified the amulet "Gefiarik" {Faith Regen+ rCorr}
 45205 | Elf:3    | Identified the +2 pair of boots of Eternal Vigilance
                  | {*Corrode Str+4 Stlth+}
 45476 | Vaults:1 | Entered Level 1 of the Vaults
 45732 | Vaults:1 | Found Duakon's Magic Scroll Shop.
 45737 | Vaults:1 | Bought 3 scrolls of enchant weapon for 247 gold pieces
 45737 | Vaults:1 | Bought a scroll of fear for 44 gold pieces
 45737 | Vaults:1 | Bought a scroll of poison for 44 gold pieces
 45737 | Vaults:1 | Bought a scroll of revelation for 82 gold pieces
 45737 | Vaults:1 | Bought a scroll of revelation for 82 gold pieces
 45891 | Vaults:1 | Reached XP level 21. HP: 179/179 MP: 7/21
 46602 | Vaults:1 | Received a gift from Trog
 46712 | Vaults:1 | Noticed Saint Roka
 46768 | Vaults:1 | Killed Saint Roka
 47062 | Vaults:2 | Found Hegabosu's General Store.
 47070 | Vaults:2 | Bought a scroll of immolation for 76 gold pieces
 47070 | Vaults:2 | Bought a scroll of fog for 76 gold pieces
 47182 | Vaults:2 | Reached skill level 10 in Dodging
 47357 | Vaults:2 | Received a gift from Trog
 48376 | Vaults:2 | Received a gift from Trog
 48446 | Vaults:2 | Found a staircase to the Crypt.
 48949 | Crypt:1  | Entered Level 1 of the Crypt
 49448 | Crypt:1  | Found a transporter.
 49619 | Crypt:1  | Reached XP level 22. HP: 196/196 MP: 7/22
 49736 | Crypt:1  | Found a basalt altar of Yredelemnul.
 49758 | Crypt:1  | Received a gift from Trog
 49838 | Crypt:1  | Noticed Osipn's ghost (veteran MiGl)
 50042 | Abyss:3  | Cast into level 3 of the Abyss (reaper)
 50382 | Abyss:3  | Noticed a dread lich
 50438 | Abyss:3  | Paralysed by accursed screaming for 1 turns
 50459 | Abyss:3  | Paralysed by accursed screaming for 1 turns
 50459 | Abyss:3  | HP: 8/189 [something (21)]
 50526 | Abyss:3  | Found a corrupted altar of Lugonu.
 50582 | Abyss:3  | Noticed a profane servitor
 50593 | Abyss:3  | Killed a profane servitor
 50762 | Crypt:1  | Escaped the Abyss
 50771 | Crypt:1  | HP: 14/356 [eidolon (7)]
 50772 | Crypt:1  | Slain by an eidolon

Illustrated notes

Levels and vault maps discovered:
D:1:      dpeg_arrival_castle, layout_loops_ring,
          hellmonk_ecumenical_altar_arch_garden, skrybe_limestone_x
D:2:      layout_basic, uniq_robin, uniq_jessica
D:3:      layout_rooms, nicolae_dithmenos_shadow_blocks, ashenzari_altar_1,
          mainiacjoe_overflow_24_doors, trog_hazing_becter
D:4:      layout_loops_corners, overflow_temple_1_default,
          minmay_temple_entry_butterflies, uniq_pikel, uniq_natasha,
          uniq_blork_the_orc
D:5:      layout_loops_ring, lemuel_doored_altar
D:6:      layout_basic, mainiacjoe_overflow_catch_the_wave
D:7:      layout_cave_pods, minmay_misc_feat_alley, uniq_prince_ribbit1
D:8:      wander_river, layout_basic, uniq_maggie
D:9:      minmay_thick_lines, layout_irregular_city, serial_bayou_pond_b,
          uniq_amaemon, uniq_harold
D:10:     layout_grid_maze, hellmonk_lair_entry_icy
D:11:     minmay_statue_hallways, layout_irregular_city, orc_0_dummy,
          serial_shops, nicolae_shop_statue_plus
D:12:     layout_long_grid, uniq_sonja, uniq_erolcha
D:13:     layout_basic, skrybe_vaults_entry_preservation, elyvilon_altar_1
D:14:     layout_loops_cross
D:15:     gammafunk_enter_depths_forms, layout_gridville,
          nicolae_figureground_sparkle, uniq_rupert, uniq_josephine, uniq_agnes
Temple:   zaba_magenta_temple
Lair:1:   layout_regular_city, dreamdust_mushroom_princess, uniq_urug
Lair:2:   layout_hall_layers, hellmonk_spider_entry_not_the_bees,
          nicolae_volcano_entry_two_sided, grunt_megastairs_1
Lair:3:   layout_big_grid, mainiacjoe_shoals_entry_four_pools,
          beast_lair_carwin_4
Lair:4:   layout_gridlike, slime_entry_1, serial_bayou_shore_a
Lair:5:   hellmonk_lair_end_abyssal_woods, layout_small_grid
Shoals:1: layout_shoals, nicolae_shoals_land_atoll
Shoals:2: layout_shoals, nicolae_tricolors, uniq_polyphemus
Shoals:3: layout_shoals, nicolae_shoals_lost_giant_hut, nicolae_shop_gadgets,
          uniq_louise
Shoals:4: shoals_end_hangedman, layout_shoals
Spider:1: layout_spider_delve, nicolae_spider_undead_wolf_pack
Spider:2: layout_spider_delve, nicolae_spider_paper_wasps
Spider:3: layout_spider_delve, uniq_arachne, uniq_nikola, uniq_aizul
Spider:4: hellmonk_spider_rune_bug_friends
Orc:1:    layout_caves, lemuel_statue_altar, nicolae_orc_lava_tube,
          uniq_jorgrun, uniq_fannar
Orc:2:    st_orc_pillars, layout_diamond_mine, serial_shops, shop,
          guppyfry_orc_lava_fort, uniq_azrael
Elf:1:    nicolae_elf_arrival_dilemma, layout_onion_city, guppyfry_library_mini,
          minmay_shoptagon
Elf:2:    elven_hall_of_blades_hangedman_original
          [nicolae_vaults_blade_armed_guards], layout_loops_cross
Elf:3:    minmay_elf_hall_curves, layout_geoelf_octagon, hex_large
Vaults:1: nicolae_vaults_angled_halls, nicolae_vaults_six-pack,
          nicolae_vaults_trapezoid_2, nicolae_vaults_storage_room_glass,
          layout_vaults_omnigrid, serial_shops, nicolae_shop_hallway_plus,
          uniq_saint_roka
Vaults:2: grunt_vaults_funneled_arena, vaults_room_semicircle,
          nicolae_vaults_diagonal_hallway_7, hangedman_vaults_stagger,
          minmay_crypt_entry_skeletal_spiral, vaults_room_hallway,
          nicolae_vaults_meiosis, hangedman_vaults_cutoff,
          nicolae_vaults_closet_pinwheel_6, nicolae_vaults_storage_room_doors,
          v_misc_26, vaults_mumra_chevron_long, vaults_room_door_ring,
          nicolae_vaults_two_Ls, v_misc_27, layout_vaults_maze, serial_shops,
          nicolae_shop_stone
Crypt:1:  layout_gridlike, basic_altar, gammafunk_ghost_mausoleum,
          grunt_ministairs_11

Skill      XL: |  1  2  3  4  5  6  7  8  9 10 11 12 13 14 15 16 17 18 19 20 21 22 |
---------------+-------------------------------------------------------------------+-----
Dodging        | 1 5 7 9 11 13 | 13.0
Stealth        | 1 3 4 5 6 7 |  7.0
Armour         | 2 |  2.0
Fighting       | 2 3 5 6 9 10 13 14 16 17 18 19 20 21 22 | 22.1
Throwing       | 1 |  1.0
Evocations     | 6 8 9 11 12 15 18 21 22 | 22.5
Long Blades    | 5 8 10 11 12 14 16 | 16.0
Shapeshifting  | 5 8 12 16 | 16.0

Action                     |  1- 3 |  4- 6 |  7- 9 | 10-12 | 13-15 | 16-18 | 19-21 | 22-24 || total
---------------------------+-------+-------+-------+-------+-------+-------+-------+-------++-------
  Melee: Dagger            |    64 |    30 |       |       |       |       |       |       ||    94
         Club              |    12 |       |       |       |       |       |       |       ||    12
         Short sword       |    51 |     4 |       |   163 |       |       |       |       ||   218
         Trident           |       |   118 |   284 |   353 |    34 |       |       |       ||   789
         Mace              |       |    68 |    19 |       |       |       |       |       ||    87
         Whip              |       |       |    11 |       |       |       |       |       ||    11
         Long sword        |       |       |       |   187 |    31 |       |       |       ||   218
         Scimitar          |       |       |       |    35 |  1594 |   201 |    33 |   163 ||  2026
         Double sword      |       |       |       |       |       |   836 |   786 |   169 ||  1791
         Rapier            |       |       |       |       |       |   726 |       |       ||   726
         Demon blade       |       |       |       |       |       |    38 |   740 |       ||   778
  Throw: Dart              |       |       |     1 |    27 |    92 |    72 |    51 |       ||   243
         Throwing net      |       |       |       |       |       |     5 |       |       ||     5
 Invoke: Berserk           |       |       |     1 |    15 |    19 |     9 |     9 |     3 ||    56
         Trog's Hand       |       |       |       |       |     6 |     6 |    13 |     4 ||    29
Ability: Invent Gizmo      |       |       |       |       |     1 |       |       |       ||     1
         Evoke Invisibilit |       |       |       |       |       |       |     8 |     3 ||    11
  Evoke: Wand              |     5 |     5 |     7 |    24 |    49 |    41 |    15 |     6 ||   152
         Phial of floods   |       |       |       |       |       |       |     4 |       ||     4
    Use: Potion            |     1 |       |       |     2 |     8 |    22 |     2 |     7 ||    42
         Scroll            |       |     6 |     5 |     8 |    10 |    31 |    11 |     2 ||    73
   Stab: Sleeping          |     3 |     3 |     4 |     4 |     8 |    18 |    16 |     3 ||    59
         Betrayed ally     |       |     1 |       |       |       |       |       |       ||     1
         Distracted        |       |       |       |     1 |     2 |     1 |     2 |     2 ||     8
         Paralysed         |       |       |       |       |     8 |    10 |     4 |     8 ||    30
         Petrified         |       |       |       |       |       |     4 |       |       ||     4
         Held in net/web   |       |       |       |       |       |     3 |       |       ||     3
         Invisible         |       |       |       |       |       |       |    31 |     3 ||    34
 Armour: Leather armour    |    32 |    75 |   105 |    12 |   594 |   103 |       |       ||   921
         Skin              |     2 |       |       |       |    39 |  1403 |   870 |   245 ||  2559
         Robe              |       |       |       |   274 |    42 |       |       |       ||   316
  Dodge: Dodged            |    36 |    61 |    99 |   210 |   537 |  1037 |   754 |   314 ||  3048
   Form: Statue            |       |       |       |       |       |     2 |     1 |       ||     3
                           |       |       |       |       |       |     1 |     1 |       ||     2

Table legend: (Time is in decaauts)
 A = Elapsed time spent in this place.
 B = Non-inter-level travel time spent in this place.
 C = Inter-level travel time spent in this place.
 D = Time resting spent in this place.
 E = Time spent auto-exploring this place.
 F = Levels seen in this place.
 G = Mean time per level.
                   A        B        C        D        E       F      G
               +--------+--------+--------+--------+--------+-----+--------+
         Total |  61169 |  54870 |   6299 |   3963 |  37010 |  40 | 1529.2 |
       Dungeon |  16830 |  14623 |   2207 |   1042 |  10635 |  15 | 1122.0 |
        Temple |      1 |      1 |      0 |      0 |      0 |   1 |    1.0 |
          Lair |  10088 |   8714 |   1374 |    565 |   6358 |   5 | 2017.6 |
        Shoals |   6289 |   5800 |    489 |    406 |   3660 |   4 | 1572.2 |
   Spider Nest |   9064 |   8413 |    651 |    705 |   5351 |   4 | 2266.0 |
  Orcish Mines |   3215 |   2979 |    236 |    183 |   2009 |   2 | 1607.5 |
   Elven Halls |   6765 |   6121 |    644 |    261 |   4176 |   3 | 2255.0 |
        Vaults |   5479 |   4864 |    615 |     24 |   3461 |   2 | 2739.5 |
         Crypt |   1209 |   1129 |     80 |      0 |    912 |   1 | 1209.0 |
         Abyss |   1273 |   1273 |      0 |    191 |    313 |   2 |  636.5 |
       Volcano |    951 |    951 |      0 |    584 |    131 |   1 |  951.0 |
               +--------+--------+--------+--------+--------+-----+--------+

Top non-repeatable levels by time:
   Elf:1: 3028 daAuts
Spider:1: 2996 daAuts
Vaults:2: 2856 daAuts
Vaults:1: 2623 daAuts
  Lair:1: 2353 daAuts
Spider:3: 2339 daAuts
  Lair:5: 2278 daAuts
  Lair:2: 2225 daAuts
Shoals:4: 2156 daAuts
  Lair:3: 2116 daAuts
Spider:2: 2096 daAuts
     D:9: 2086 daAuts
   Orc:2: 2020 daAuts
   Elf:3: 1869 daAuts
   Elf:2: 1867 daAuts
